 Dungeon Crawl Stone Soup version 0.31-a0-455-g1a7b003ef0 (webtiles) character file.

Game seed: 3224350819855973734

2463 ytrimaz the Changeling (level 9, -2/59 HPs)
             Began as a Demonspawn Shapeshifter on Aug 4, 2023.
             Was a Priest of Okawaru.
             Slain by a yak (13 damage)
             ... on level 7 of the Dungeon.
             The game lasted 00:07:34 (6654 turns).

ytrimaz the Changeling (Demonspawn Shapeshifter)    Turns: 6654, Time: 00:07:35

Health: -2/59      AC: 14    Str: 19    XL:     9   Next: 26%
Magic:  0/9        EV:  5    Int: 10    God:    Okawaru [***...]
Gold:   270        SH:  9    Dex: 14    Spells: 8/8 levels left

rFire   + +          +
                       - Unarmed
rCold   x . .        i - +4 buckler of Supple Strength {rF++ rC-}
rNeg    . . .        m - +2 plate armour {rF+}
rPois   +            (helmet currently unavailable)
rElec   .            (cloak currently unavailable)
rCorr   .            (gloves currently unavailable)
SInv    .            (boots currently unavailable)
Will    .....        b - amulet of guardian spirit Stlth
                     n - ring of flight
HPRegen 0.29/turn    t - ring of poison resistance
MPRegen 0.11/turn

%: guardian spirit
@: beast-form, flying
A: beast (slay +5), hooves 1, thin metallic scales 1, foul stench 2
a: Begin Untransformation, Renounce Religion, Heroism


You were on level 7 of the Dungeon.
You worshipped Okawaru.
Okawaru was most pleased with you.
You were a hulking beast.
You visited 1 branch of the dungeon, and saw 7 of its levels.

You collected 270 gold pieces.


Innate Abilities, Weirdness & Mutations

You are a hulking beast.
Your limbs bulge with bestial killing power. (Slay +5)
You have large cloven feet.
You are partially covered in thin metallic scales. (AC +2)
You sometimes emit foul miasma when damaged in melee.


   Skills:
 - Level 1.0 Fighting
 - Level 1.7 Dodging
 - Level 4.0 Shields
 + Level 6.8 Unarmed Combat
 * Level 7.8 Shapeshifting


You had 8 spell levels left.
You didn't know any spells.
Your spell library contained the following spells:

 Spells                   Type           Power      Damage    Failure   Level
 Kiss of Death            Conj/Necr      0%         2d5       100%        1
 Confusing Touch          Hex            0%         N/A       100%        3
 Dispel Undead            Necr           0%         3d6       100%        4
 Fireball                 Conj/Fire      0%         3d3       100%        5
 Iskenderun's Battlesphe  Conj           0%         2d6       100%        5
 Conjure Ball Lightning   Conj/Air       0%         3x3d6     100%        6
 Orb of Destruction       Conj           0%         9d5       100%        7
 Summon Small Mammal      Summ           Unusable   N/A       N/A         1
 Call Canine Familiar     Summ           Unusable   N/A       N/A         3
 Summon Guardian Golem    Hex/Summ       Unusable   N/A       N/A         3

Inventory:

Armour
 a - a +0 animal skin
 i - the +4 buckler of Supple Strength (worn) {rF++ rC-}
   (You acquired it on level 1 of the Dungeon)

   rF:        It greatly protects you from fire.
   rC:        It makes you vulnerable to cold.
 m - a +2 plate armour of fire resistance (worn)
   (You found it on level 2 of the Dungeon)
Jewellery
 b - an amulet of guardian spirit (around neck)
   (You found it on level 5 of the Dungeon)
 n - a ring of flight (left hand)
   (You found it on level 4 of the Dungeon)
 t - a ring of poison resistance (right hand)
   (You found it on level 7 of the Dungeon)
Talismans
 c - a beast talisman (active)
 j - a blade talisman
   (You found it on level 2 of the Dungeon)
Wands
 q - a wand of iceblast (7)
   (You found it on level 7 of the Dungeon)
 v - a wand of mindburst (14)
   (You found it on level 6 of the Dungeon)
Scrolls
 g - 2 scrolls of enchant weapon
 l - 5 scrolls of teleportation
 p - a scroll of revelation
 w - a scroll of immolation
Potions
 d - 2 potions of cancellation {unknown}
 f - 2 potions of brilliance {unknown}
 h - a potion of berserk rage
 k - 2 potions of might {unknown}
 o - 2 potions of heal wounds {unknown}
 r - a potion of attraction {unknown}
 s - a potion of invisibility {unknown}
 x - 2 potions of degeneration {unknown}

Dungeon Overview and Level Annotations

Branches:
Dungeon (7/15) Zot: 26564  Temple (0/1) D:5

Altars:
Okawaru
Qazlal
Xom

### ##### ## ## #.... ###..
.## #. .#. ......
...######.. ## .......###
###...........###
.........###Y...# .....#.
..........Yh...# #.....
.>........Y##..# #.....
............#..# ##.....
.......<○....#.# #......
......)......#.## ##......
.......))...!...# #...##...
................###..###...#
....................# ##...#
...................# ##...##


You could see 3 yaks.


Message History

A yak comes into view.
Found an escape hatch in the floor.
The yak bellows!
A yak comes into view.
Things that are here:
a +0 morningstar; a +0 chain mail; 😕 HP[+1]
You punch the orc!
You kill the orc!
A yak comes into view.
The orc barely misses you.
A yak comes into view.
Things that are here:
a +0 club; an orc corpse You barely miss the orc.
You block the orc's attack.
You hit the orc. You block the orc's attack.
You punch the orc!
You kill the orc!
Okawaru accepts your kill.
A yak comes into view.
You completely miss the yak.
The yak bellows!
The yak barely misses you. 😎 HP[+1]
Your hp is fully restored (59).
You completely miss the yak. You kick the yak, but do no damage.
The yak gores you.
You emit a cloud of foul miasma!
You block the yak's attack. The yak gores you!
You emit a cloud of foul miasma! 😕 HP[-11] MP[-1]
You take 11 damage, and now have 48/59 hp.
You lost 1 mp, and now have 7/9 mp.
There are monsters nearby!
There are monsters nearby!
You punch the yak! You kick the yak.
The yak is engulfed in dark miasma.
The yak is poisoned.
The yak gores you!
The yak is engulfed in dark miasma.
The yak is poisoned.
The yak seems to slow down.
The yak gores you but does no damage. x2 😮 HP[-10] MP[-1]
You take 10 damage, and now have 38/59 hp.
You lost 1 mp, and now have 6/9 mp.
You are too injured to fight recklessly!
Unknown command.
You are too injured to fight recklessly!
You are too injured to fight recklessly!
You are too injured to fight recklessly!
You are too injured to fight recklessly!
You are too injured to fight recklessly!
Unknown command.
You hit the yak. You kick the yak!
The yak is no longer moving slowly.
The yak is engulfed in dark miasma.
The yak looks even sicker.
The yak gores you but does no damage. The yak gores you. 😮 HP[-3] MP[-1]
You take 3 damage, and now have 35/59 hp.
You lost 1 mp, and now have 5/9 mp.
You hit the yak. Your kick misses the yak.
The yak is engulfed in dark miasma.
The yak looks even sicker.
The yak seems to slow down.
The yak gores you!
* * * LOW HITPOINT WARNING * * *
The yak is engulfed in dark miasma.
The yak looks even sicker.
The yak gores you!
* * * LOW HITPOINT WARNING * * *
You block the yak's attack. 😨 HP[-17] MP[-3]
You take 17 damage, and now have 18/59 hp.
MASSIVE DAMAGE!! (PAUSE)
You lost 3 mp, and now have 2/9 mp.
Unknown command.
The yak attacks as you move away! The yak gores you.
The yak is no longer moving slowly.
The yak is engulfed in dark miasma.
The yak looks even sicker.
The yak is engulfed in dark miasma.
The yak looks as sick as possible!
The yak seems to slow down. 😨 HP[+1] MP[-1]
You lost 1 mp, and now have 1/9 mp.
The yak is no longer moving slowly.
The yak attacks as you move away! You block the yak's attack.
The yak gores you.
* * * LOW HITPOINT WARNING * * *
You emit a cloud of foul miasma! 😱 HP[-5] MP[-1]
You take 5 damage, and now have 14/59 hp.
You lost 1 mp, and now have 0/9 mp.
The yak attacks as you move away! The yak gores you but does no damage.
The yak is engulfed in dark miasma.
The yak is poisoned.
You kill the yak!
Okawaru accepts your kill. 😨 HP[+1] 😨 MP[+1]
You feel better.
The yak gores you but does no damage. 😨 HP[+6]
You regained 6 hp, and now have 21/59 hp.
You hit the yak. You kick the yak. 😨 HP[+1]
You punch the yak! Your kick misses the yak.
The yak looks more healthy.
The yak barely misses you. The yak gores you but does no damage.
The yak gores you!
* * * LOW HITPOINT WARNING * * *
😱 HP[-11] MP[-1]
You take 11 damage, and now have 11/59 hp.
You lost 1 mp, and now have 0/9 mp.
Unknown command.
The yak attacks as you move away! The yak gores you!
You die...

Skill      XL: |  1  2  3  4  5  6  7  8 |
---------------+-------------------------+-----
Shapeshifting  | 3 4 6 7 |  7.8
Unarmed Combat | 3 4 5 6 |  6.8
Shields        | 1 2 3 4 |  4.0
Fighting       | |  1.0
Dodging        | |  1.7

Action                     |  1- 3 |  4- 6 |  7- 9 || total
---------------------------+-------+-------+-------++-------
  Melee: Unarmed           |    92 |   216 |   145 ||   453
         Punch             |     1 |       |       ||     1
         Kick              |       |       |    36 ||    36
 Invoke: Heroism           |       |       |     1 ||     1
  Evoke: Wand              |       |     2 |       ||     2
    Use: Scroll            |     4 |     3 |     4 ||    11
         Potion            |     2 |     1 |     2 ||     5
   Stab: Sleeping          |     1 |       |       ||     1
 Armour: Animal skin       |    13 |       |       ||    13
         Plate armour      |     9 |   181 |    62 ||   252
         Skin              |     3 |       |       ||     3
  Dodge: Dodged            |    44 |    44 |    27 ||   115
  Block: Buckler           |     7 |   119 |    39 ||   165

Levels and vault maps discovered:
D:1:      psy_arrival_fountain, layout_loops_corners,
          ebering_ecumenical_altar_box
D:2:      layout_loops_ring
D:3:      layout_loops_ring, mainiacjoe_overflow_alcove_1,
          nicolae_qazlal_scattered_showers, roderic_batcave
D:4:      layout_layer_cave, minmay_hedge_maze
D:5:      layout_layer_cave, okawaru_metal_pillars_3,
          mainiacjoe_overflow_surrounded_room, minmay_temple_entry_from_below_a,
          uniq_sigmund, uniq_pikel, uniq_duvessa
D:6:      layout_loops_corners, serial_bayou, serial_bayou_shore_b,
          serial_bayou_ford_a, serial_bayou_pond_d, serial_bayou_crossing,
          minmay_pentangle
D:7:      layout_layer_cave, grunt_livestock, uniq_joseph

Notes
Turn   | Place    | Note
-------+----------+-------------------------------------------
     0 | D:1      | ytrimaz the Demonspawn Shapeshifter began the quest for the
                  | Orb.
     0 | D:1      | Reached XP level 1. HP: 15/15 MP: 1/1
     0 | D:1      | magus.rc [v1.9.6]
   158 | D:1      | Reached skill level 3 in Shapeshifting
   158 | D:1      | Gained mutation: You may rarely emit foul miasma when
                  | damaged in melee. [demonic ancestry]
   158 | D:1      | Reached XP level 2. HP: 21/21 MP: 2/2
   232 | D:1      | Found a faded altar of an unknown god.
   431 | D:1      | You pick up a book of Touch and begin reading...
   431 | D:1      | You add the spells Kiss of Death, Confusing Touch and
                  | Dispel Undead to your library.
   595 | D:1      | Reached skill level 3 in Unarmed Combat
   797 | D:1      | You pick up a book of the Spheres and begin reading...
   797 | D:1      | You add the spells Iskenderun's Battlesphere, Fireball,
                  | Conjure Ball Lightning and Orb of Destruction to your
                  | library.
   935 | D:1      | Identified a scroll of acquirement
   935 | D:1      | Acquired the +4 buckler of Supple Strength {rF++ rC-}
  1050 | D:2      | Reached XP level 3. HP: 26/26 MP: 3/3
  1649 | D:3      | Noticed a scorpion
  1661 | D:3      | HP: 8/39 [poisoned by a scorpion]
  1663 | D:3      | Killed a scorpion
  1664 | D:3      | Reached skill level 1 in Shields
  1664 | D:3      | Reached XP level 4. HP: 21/32 MP: 4/4
  1904 | D:3      | Reached skill level 2 in Shields
  1904 | D:3      | Gained mutation: You are partially covered in thin metallic
                  | scales. (AC +2) [demonic ancestry]
  1904 | D:3      | Reached XP level 5. HP: 30/37 MP: 5/5
  1981 | D:3      | Found a stormy altar of Qazlal.
  2370 | D:3      | You pick up a book of Callings and begin reading...
  2370 | D:3      | You add the spells Summon Small Mammal, Call Canine
                  | Familiar and Summon Guardian Golem to your library.
  2380 | D:3      | Found a shimmering altar of Xom.
  2619 | D:4      | Reached skill level 4 in Shapeshifting
  2647 | D:4      | Reached XP level 6. HP: 24/43 MP: 6/6
  2886 | D:4      | Reached skill level 3 in Shields
  3621 | D:5      | Entered Level 5 of the Dungeon
  3637 | D:5      | Noticed Sigmund
  3706 | D:5      | Found an iron altar of Okawaru.
  3715 | D:5      | Became a worshipper of Warmaster Okawaru
  3753 | D:5      | Killed Sigmund
  3754 | D:5      | Reached skill level 4 in Unarmed Combat
  3754 | D:5      | Gained mutation: You sometimes emit foul miasma when
                  | damaged in melee. [demonic ancestry]
  3754 | D:5      | Reached XP level 7. HP: 48/48 MP: 7/7
  3895 | D:5      | Found a staircase to the Ecumenical Temple.
  3904 | D:5      | Reached skill level 4 in Shields
  4006 | D:5      | Reached * piety under Okawaru
  4007 | D:5      | Reached skill level 5 in Shapeshifting
  4155 | D:5      | Noticed Duvessa
  4158 | D:5      | Noticed Dowan
  4168 | D:5      | Killed Duvessa
  4173 | D:5      | Killed Dowan
  4486 | D:5      | Reached skill level 5 in Unarmed Combat
  4563 | D:5      | Noticed Pikel
  4570 | D:5      | Killed Pikel
  4570 | D:5      | Reached ** piety under Okawaru
  4571 | D:5      | Reached skill level 6 in Shapeshifting
  4571 | D:5      | Gained mutation: You have large cloven feet. [demonic
                  | ancestry]
  4571 | D:5      | Reached XP level 8. HP: 50/54 MP: 5/8
  5400 | D:6      | Reached *** piety under Okawaru
  5401 | D:6      | Reached skill level 6 in Unarmed Combat
  5453 | D:6      | Reached skill level 7 in Shapeshifting
  5578 | D:6      | Received a gift from Okawaru
  5688 | D:6      | Reached XP level 9. HP: 50/59 MP: 6/9
  6646 | D:7      | HP: 14/59 [yak (5)]
  6653 | D:7      | HP: 11/59 [yak (11)]
  6654 | D:7      | Slain by a yak

Vanquished Creatures
  Pikel (D:5)
  Sigmund (D:5)
  A yak (D:7)
  Duvessa (D:5)
  2 water moccasins (D:6)
  2 ice beasts
  2 ogres
  2 lemures (D:5)
  A phantom (D:6)
  A bullfrog (D:7)
  3 scorpions
  A gnoll sergeant (D:6)
  Dowan (D:5)
  A howler monkey (D:7)
  An electric eel (D:6)
  A hound (D:5)
  2 orc priests (D:4)
  A jelly (D:3)
  A gnoll bouda (D:6)
  5 iguanas
  An orc wizard (D:4)
  8 gnolls (D:6)
  8 adders
  A shadow imp (D:5)
  A worm (D:3)
  4 dart slugs
  13 orcs
  8 ball pythons
  10 endoplasms
  2 giant cockroaches
  6 goblins
  A hobgoblin (D:1)
  6 jackals
  6 quokkas
  17 bats
  4 frilled lizards
  4 kobolds
  5 rats
136 creatures vanquished.

Vanquished Creatures (collateral kills)
  2 lemures (D:5)
2 creatures vanquished.

Grand Total: 138 creatures vanquished

Table legend:
 A = Non-vault XP
 B = Vault XP
 C = Vault XP percentage of total XP
 D = Non-vault monster count
 E = Vault monster count
 F = Vault count percentage of total count
                 A         B        C        D         E       F
            +---------+---------+-------+---------+---------+-------
      Total |    2444 |    1075 |  30.5 |     118 |      16 |  11.9
            +---------+---------+-------+---------+---------+-------
        D:1 |      36 |       0 |   0.0 |      21 |       0 |   0.0
        D:2 |      26 |       0 |   0.0 |      14 |       0 |   0.0
        D:3 |     224 |      15 |   6.3 |      27 |      10 |  27.0
        D:4 |     178 |       0 |   0.0 |      19 |       0 |   0.0
        D:5 |     472 |    1054 |  69.1 |      10 |       4 |  28.6
        D:6 |    1158 |       6 |   0.5 |      21 |       2 |   8.7
        D:7 |     350 |       0 |   0.0 |       6 |       0 |   0.0
            +---------+---------+-------+---------+---------+-------

Skill      XL: |  1  2  3  4  5  6  7  8 |
---------------+-------------------------+-----
Shapeshifting  | 3 4 6 7 |  7.8
Unarmed Combat | 3 4 5 6 |  6.8
Shields        | 1 2 3 4 |  4.0
Fighting       | |  1.0
Dodging        | |  1.7

Action                     |  1- 3 |  4- 6 |  7- 9 || total
---------------------------+-------+-------+-------++-------
  Melee: Unarmed           |    92 |   216 |   145 ||   453
         Punch             |     1 |       |       ||     1
         Kick              |       |       |    36 ||    36
 Invoke: Heroism           |       |       |     1 ||     1
  Evoke: Wand              |       |     2 |       ||     2
    Use: Scroll            |     4 |     3 |     4 ||    11
         Potion            |     2 |     1 |     2 ||     5
   Stab: Sleeping          |     1 |       |       ||     1
 Armour: Animal skin       |    13 |       |       ||    13
         Plate armour      |     9 |   181 |    62 ||   252
         Skin              |     3 |       |       ||     3
  Dodge: Dodged            |    44 |    44 |    27 ||   115
  Block: Buckler           |     7 |   119 |    39 ||   165

Illustrated notes

Table legend:
 A = Kills in this place as a percentage of kills in the entire game.
 B = Kills by you in this place as a percentage of kills by you in the entire game.
 C = Kills by friends in this place as a percentage of kills by friends in the entire game.
 D = Other kills in this place as a percentage of other kills in the entire game.
 E = Experience gained in this place as a percentage of experience gained in the entire game.
 F = Experience gained in this place divided by the number of levels of this place that you have seen.
                   A       B       C       D       E      F
               +-------+-------+-------+-------+-------+----------------------
         Total | 100.0 | 100.0 |   N/A |   N/A | 100.0 | 502.7
       Dungeon | 100.0 | 100.0 |   N/A |   N/A | 100.0 | 502.7
               +-------+-------+-------+-------+-------+----------------------

Table legend: (Time is in decaauts)
 A = Elapsed time spent in this place.
 B = Non-inter-level travel time spent in this place.
 C = Inter-level travel time spent in this place.
 D = Time resting spent in this place.
 E = Time spent auto-exploring this place.
 F = Levels seen in this place.
 G = Mean time per level.
                   A        B        C        D        E       F      G
               +--------+--------+--------+--------+--------+-----+--------+
         Total |   6647 |   6466 |    181 |     93 |   5340 |   7 |  949.6 |
       Dungeon |   6647 |   6466 |    181 |     93 |   5340 |   7 |  949.6 |
               +--------+--------+--------+--------+--------+-----+--------+

Top non-repeatable levels by time:
     D:5: 1330 daAuts
     D:6: 1270 daAuts
     D:4: 1047 daAuts
     D:1: 964 daAuts
     D:3: 925 daAuts
     D:2: 674 daAuts
     D:7: 435 daAuts
